 Dungeon Crawl Stone Soup version 0.30.0 (webtiles) character file.

Game seed: 4612444434624471544

49 Rogue the Digger (level 3, -3/15 HPs)
             Began as a Felid Earth Elementalist on Sept 3, 2023.
             Slain by a mummy (18 damage)
             ... in an ossuary.
             The game lasted 00:10:47 (1293 turns).

Rogue the Digger (Felid Earth Elementalist)         Turns: 1293, Time: 00:10:48

Health: -3/15      AC:  1    Str:  4    XL:     3   Next: 51%
Magic:  1/7        EV: 17    Int: 18    God:
Gold:   44         SH:  0    Dex: 16    Spells: 3/6 levels left
                                        Lives:  0   Deaths: 1

rFire   . .          .
                       - Unarmed
rCold   . . .        (shield unavailable)
rNeg    . . .        (body armour unavailable)
rPois   .            (helmet unavailable)
rElec   .            (cloak unavailable)
rCorr   .            (gloves unavailable)
SInv    +            (boots unavailable)
Will    .....        (no amulet)
Stlth   ++           (no ring)
HPRegen 0.22/turn    (no ring)
MPRegen 0.10/turn

%: no passive effects
@: quick
A: very small, claws 1, fangs 3, see invisible, speed 1, shaggy fur 1, stealthy
paws, no weapons or thrown items, no armour, multi-lived
a: no special abilities


You were in an ossuary.
You visited 1 branch of the dungeon, and saw 3 of its levels.
You also visited: Ossuary.

You collected 44 gold pieces.

Inventory:

Potions
 b - 3 potions of attraction
 f - a potion of ambrosia


   Skills:
 * Level 1.3 Fighting
 * Level 3.1 Dodging
 + Level 3.0 Stealth
 * Level 1.0 Unarmed Combat
 + Level 2.4 Spellcasting
 * Level 1.9 Transmutations
 + Level 3.4 Earth Magic


You had 3 spell levels left.
You knew the following spells:

 Your Spells              Type           Power      Damage    Failure   Level
a - Sandblast             Erth           28%        2d8       4%          1
b - Passwall              Tmut/Erth      9%         N/A       9%          2

Your spell library contained the following spells:

 Spells                   Type           Power      Damage    Failure   Level
 Stone Arrow              Conj/Erth      16%        3d8       26%         3
 Petrify                  Tmut/Erth      11%        N/A       50%         4


Dungeon Overview and Level Annotations

Branches:
Dungeon (4/15)            Ossuary (1/1)
 Temple: D:4-7

Altars:
Dithmenos


Innate Abilities, Weirdness & Mutations

You have sharp claws.
You have razor-sharp teeth.
You have supernaturally acute eyesight. (SInv)
You cover ground quickly. (Speed+)
You are covered in fur. (AC +1)
Your paws help you pounce on unaware monsters.
You are incapable of wielding weapons or throwing items.
You cannot wear armour.
You gain extra lives every three experience levels.


Message History

You don't know that spell.
Unknown command.
Found 8 stones and 25 gold pieces.
Found a quarterstaff and 22 gold pieces.
Casting: Sandblast (safe; 4% risk of failure)
Confirm with . or Enter, or press ? or * to list all spells.
Aiming: Sandblast (safe; 4% risk of failure)
Press: ? - help, Shift-Dir - straight line, f - mummy
Aim: a mummy (91% to hit)
The blast of sand hits the mummy.
The mummy is moderately damaged.
Found a gate leading back out of this place.
Found 28 gold pieces.
Casting: Sandblast (safe; 4% risk of failure)
Confirm with . or Enter, or press ? or * to list all spells.
Aiming: Sandblast (safe; 4% risk of failure)
Press: ? - help, Shift-Dir - straight line, f - mummy
Aim: a mummy (91% to hit)
The blast of sand hits the mummy but does no damage.
Found 31 gold pieces.
You scratch the mummy. You bite the mummy, but do no damage.
The mummy is moderately damaged.
The mummy barely misses you.
You scratch the mummy.
The mummy is heavily damaged.
You scratch the mummy but do no damage.
The mummy is heavily damaged.
The mummy closely misses you.
You scratch the mummy but do no damage. You bite the mummy.
The mummy is severely damaged.
You barely miss the mummy.
The mummy is severely damaged.
The mummy misses you.
You scratch the mummy.
The mummy is almost destroyed.
You closely miss the mummy.
The mummy is almost destroyed.
The mummy hits you!!
Ouch! That really hurt!
You die...

#.....##............
#...................
#...................
#..#................
#.M##...............
#∩.##..........∩....
#..##..........∩....
#..#................
#..@................
#...M.##............
#.....##............
#...................
#...................
####........Z#####..
#$$#..........†.....
#$$+...........∩.M..
###############


You could see 2 mummies.

Vanquished Creatures
  2 hound zombies (Ossuary)
  A mummy (Ossuary)
  An orc (D:4)
  An endoplasm (D:1)
  4 giant cockroaches
  6 goblins
  8 hobgoblins
  4 jackals (D:1)
  3 kobolds (D:1)
  A quokka (D:1)
  3 ball pythons
  4 bats (D:1)
  A goblin zombie (Ossuary)
  A hobgoblin zombie (Ossuary)
  2 jackal zombies (Ossuary)
  2 orc zombies (Ossuary)
  A rat (D:1)
  3 rat zombies (Ossuary)
48 creatures vanquished.

Notes
Turn   | Place    | Note
-------+----------+-------------------------------------------
     0 | D:1      | Rogue the Felid Earth Elementalist began the quest for the
                  | Orb.
     0 | D:1      | Reached XP level 1. HP: 7/7 MP: 4/4
   153 | D:1      | Reached XP level 2. HP: 12/12 MP: 4/6
   156 | D:1      | Learned a level 2 spell: Passwall
   331 | D:1      | Found a faded altar of an unknown god.
   769 | D:1      | Reached XP level 3. HP: 15/15 MP: 3/7
   970 | D:1      | Reached skill level 1 in Fighting
  1134 | D:2      | Found a shadowy altar of Dithmenos.
  1135 | D:2      | You fall into a shaft and drop 2 floors!
  1155 | D:4      | Found a sand-covered staircase.
  1163 | Ossuary  | Entered an ossuary
  1186 | Ossuary  | Reached skill level 1 in Unarmed Combat
  1186 | Ossuary  | Reached XP level 4. HP: 8/19 MP: 8/8
  1191 | Ossuary  | Slain by a human zombie
  1192 | Ossuary  | Reached XP level 3. HP: 0/15 MP: 2/7
  1293 | Ossuary  | Slain by a mummy

Illustrated notes

Levels and vault maps discovered:
D:1:      dpeg_arrival_connections, layout_loops_ring,
          dreamdust_ecumenical_altar_grove
D:2:      layout_loops_ring, basic_altar, uniq_crazy_yiuf_cottage
D:4:      minmay_octagon_keep, layout_cave_pools, kennysheep_little_box,
          lightli_ossuary_entry_decrepit_ruins
Ossuary:  ossuary_minmay_tomb_2a

Skill      XL: |  1  2  3 |
---------------+----------+-----
Earth Magic    | 3 |  3.4
Dodging        | 3 |  3.1
Fighting       | 1 |  1.3
Stealth        | 3 |  3.0
Unarmed Combat | 1 |  1.0
Spellcasting   | |  2.4
Transmutations | |  1.9

Action                     |  1- 3 |  4- 6 || total
---------------------------+-------+-------++-------
  Melee: Unarmed           |    34 |       ||    34
         Bite              |     6 |       ||     6
   Cast: Sandblast         |    65 |     6 ||    71
    Use: Scroll            |     4 |       ||     4
         Potion            |     3 |       ||     3
   Stab: Sleeping          |     7 |       ||     7
 Armour: Skin              |     6 |       ||     6
  Dodge: Dodged            |    85 |    10 ||    95
